 Dungeon Crawl Stone Soup version 0.31-a0-750-gfe7b580527 (webtiles) character file.

Game seed: 10738239212044650440

86 LeprechaunX the Changeling (level 4, -6/29 HPs)
             Began as an Octopode Shapeshifter on Sept 14, 2023.
             Mangled by Menkaure (22 damage)
             ... on level 4 of the Dungeon.
             The game lasted 00:02:19 (2474 turns).

LeprechaunX the Changeling (Octopode Shapeshifter)  Turns: 2474, Time: 00:02:20

Health: -6/29      AC:  1    Str: 15    XL:     4   Next: 50%
Magic:  4/4        EV: 13    Int: 12    God:
Gold:   143        SH:  0    Dex: 11    Spells: 3/3 levels left

rFire   . .          .
                       - Unarmed
rCold   . . .        (no shield)
rNeg    . . .        (helmet currently unavailable)
rPois   .            (no amulet)
rElec   .            o - ring of willpower
rCorr   .            (no ring)
SInv    .            (no ring)
Will    +....        (no ring)
Stlth   ++           (no ring)
HPRegen 0.24/turn    (no ring)
MPRegen 0.09/turn    (no ring)
                     (no ring)

%: no passive effects
@: beast-form
A: beast (slay +2), almost no armour, amphibious, 8 rings, camouflage 1,
gelatinous body 1, (nimble swimmer 1), tentacles
a: Begin Untransformation


You were on level 4 of the Dungeon.
You were a hulking beast.
You visited 1 branch of the dungeon, and saw 4 of its levels.

You collected 143 gold pieces.

Inventory:

Missiles
 q - 4 boomerangs (quivered)
Jewellery
 o - a ring of willpower (left tentacle)
Talismans
 b - a beast talisman (active)
 c - a flux talisman
 m - a maw talisman
Scrolls
 e - a scroll of acquirement {unknown}
 f - 4 scrolls of teleportation {unknown}
 g - a scroll of torment {unknown}
 h - a scroll of immolation {unknown}
 l - a scroll of poison {unknown}
 n - a scroll of enchant armour {unknown}
 p - 2 scrolls of identify {unknown}
 s - a scroll of amnesia {unknown}
Potions
 a - 2 potions of lignification
 d - 2 potions of brilliance {unknown}
 i - a potion of curing {unknown}
 j - a potion of heal wounds {unknown}
 k - a potion of haste {unknown}
 r - a potion of berserk rage {unknown}
 t - a potion of might {unknown}


   Skills:
 + Level 1.9 Fighting
 + Level 2.7 Dodging
 + Level 3.4 Unarmed Combat
 * Level 3.8 Shapeshifting


You had 3 spell levels left.
You didn't know any spells.
Your spell library was empty.

Dungeon Overview and Level Annotations

Branches:
Dungeon (4/15)
 Temple: D:4-7

Altars:

Annotations:
D:4 Menkaure


Innate Abilities, Weirdness & Mutations

You are a hulking beast.
Your limbs bulge with bestial killing power. (Slay +2)
You cannot wear most types of armour.
You are amphibious.
You can wear up to eight rings at the same time.
Your skin changes colour to match your surroundings (Stealth+).
Your rubbery body absorbs attacks. (AC +1, EV +1)
((You are camouflaged when in or above water. (Stealth+)))
You have tentacles for arms and can constrict up to eight enemies at once.


Message History

A kobold is nearby!
The kobold shouts!
The kobold hits you with a +0 dagger.
You barely miss the kobold. Your grab misses the kobold.
Your squeeze misses the kobold. The kobold hits you with a +0 dagger.
You closely miss the kobold. Your grab misses the kobold.
You completely miss the kobold. Your grab misses the kobold.
You squeeze the kobold, but do no damage.
The kobold barely misses you.
You completely miss the kobold. You grab the kobold.
You constrict the kobold, but do no damage.
The kobold hits you with a +0 dagger.
You tentacle-slap the kobold.
You kill the kobold!
No target in view!
HP restored.
p - 2 scrolls labelled TAKIHE ATRY (gained 1)
You hear the slow rusting of a very distant drain.
Things that are here:
a +0 dagger; 3 stones
Found a ring mail.
You see here a +0 ring mail.
You open the door.
Menkaure and a quokka come into view.
There is an open door here.
Menkaure shouts!
Menkaure's ankle releases a plume of dust as he confides, "I'm not really a mummy, you know."
Menkaure mumbles some strange words.
Menkaure seems to speed up.
You tentacle-slap Menkaure but do no damage.
Your grab misses Menkaure. You squeeze Menkaure.
Menkaure is lightly damaged.
Menkaure calls on the powers of darkness!
Your body is wracked with pain!
The quokka convulses!
You tentacle-slap Menkaure. You grab Menkaure.
Your tentacle-slap misses Menkaure.
You squeeze Menkaure, but do no damage.
Menkaure is lightly damaged.
You constrict Menkaure. Menkaure hits you!!
Ouch! That really hurt!
You die...

##### #..$# #
#...#.#
############.r.#.#
#......[...'.....#
#.##########...###
#.# #.h.# #.#
#.M.# #.# #####
#.# ####.# .....#
######


You could see Menkaure (fast) and a quokka.

Vanquished Creatures
  An adder (D:3)
  A worm (D:3)
  A dart slug (D:1)
  An orc (D:2)
  12 bats
  5 endoplasms
  3 giant cockroaches
  7 hobgoblins
  5 jackals (D:1)
  5 quokkas
  9 ball pythons
  2 frilled lizards (D:2)
  5 goblins
  7 kobolds
64 creatures vanquished.

Notes
Turn   | Place    | Note
-------+----------+-------------------------------------------
     0 | D:1      | LeprechaunX the Octopode Shapeshifter began the quest for
                  | the Orb.
     0 | D:1      | Reached XP level 1. HP: 13/13 MP: 1/1
    73 | D:1      | Reached XP level 2. HP: 18/18 MP: 2/2
   333 | D:1      | Reached XP level 3. HP: 11/23 MP: 3/3
  1508 | D:2      | Reached XP level 4. HP: 29/29 MP: 4/4
  2470 | D:4      | Noticed Menkaure
  2474 | D:4      | Mangled by Menkaure

Illustrated notes

Levels and vault maps discovered:
D:1:      scummos_arrival_simple_fountains, layout_basic, st_stairs_11,
          serial_bayou_pond_b, serial_bayou_ford_a, minmay_heptomino_o4
D:2:      layout_rooms
D:3:      layout_basic, serial_curves, eino_curves_02, eino_curves_02
D:4:      layout_basic, portal_sewer_entry_d, minivault_26, eino_tiny_chamber,
          uniq_menkaure, uniq_edmund

Action                     |  1- 3 |  4- 6 || total
---------------------------+-------+-------++-------
  Melee: Unarmed           |    87 |    33 ||   120
         Tentacles         |    14 |     7 ||    21
         Constrict         |    19 |     7 ||    26
         Punch             |     2 |       ||     2
   Stab: Sleeping          |     4 |     1 ||     5
         Distracted        |     1 |       ||     1
 Armour: Skin              |    42 |    13 ||    55
  Dodge: Dodged            |    58 |    16 ||    74

Table legend: (Time is in decaauts)
 A = Elapsed time spent in this place.
 B = Non-inter-level travel time spent in this place.
 C = Inter-level travel time spent in this place.
 D = Time resting spent in this place.
 E = Time spent auto-exploring this place.
 F = Levels seen in this place.
 G = Mean time per level.
                   A        B        C        D        E       F      G
               +--------+--------+--------+--------+--------+-----+--------+
         Total |   2465 |   2363 |    102 |      0 |   2004 |   4 |  616.2 |
       Dungeon |   2465 |   2363 |    102 |      0 |   2004 |   4 |  616.2 |
               +--------+--------+--------+--------+--------+-----+--------+

Top non-repeatable levels by time:
     D:1: 1147 daAuts
     D:3: 802 daAuts
     D:2: 423 daAuts
     D:4: 92 daAuts
